 Dungeon Sprint DCSS version 0.28.0-49-g6dfe1f597d (webtiles) character file.

Game seed: 9402574328223739632

28945 Revguard the Warrior (level 13, -2/94 HPs)
             Began as a Gargoyle Fighter on May 19, 2022.
             Was a Believer of Ru.
             Killed from afar by a hellion (27 damage)
             ... with damnation
             ... in the Dungeon (Sprint V: "Ziggurat Sprint").
             The game lasted 00:16:38 (1265 turns).

Revguard the Warrior (Gargoyle Fighter)             Turns: 1265, Time: 00:16:39

Health: -2/94      AC: 48    Str: 28    XL:     13   Next: 42%
Magic:  13/13      EV:  9    Int: 14    God:    Ru [**....]
Gold:   0          SH: 33    Dex: 19    Spells: 12/12 levels left

rFire   + . .      SeeInvis +   E - +14 obsidian axe {vorpal, Mesm Drain Fly SInv}
rCold   + + .      Faith    .   G - +18 shield of the Gong {rElec rN+ Will+ EV-5}
rNeg    + + +      Spirit   .   F - +15 Maxwell's patent armour {-Cast -Tele rElec Will+ rCorr}
rPois   ∞          Reflect  .   I - +1 hat {SInv}
rElec   +          Harm     .   H - scarf {rC+ rF+}
rCorr   +          Rampage  +   U - +2 pair of gloves {infuse}
Will    ++...      NoTele   +   N - +0 pair of boots {rampage}
Stlth   .......... NoCast   +   R - macabre finger necklace {rN+}
HPRegen 0.25/turn               B - +6 ring of strength
MPRegen 0.13/turn               x - +6 ring of dexterity
                                M - ring of Winter {rC+ Will+ Int+6}

@: flying, mesmerised, studying Stealth
A: sickness immunity, AC +9, negative energy resistance 1, electricity
resistance, torment resistance 1, petrification resistance, no air magic, no
necromancy magic, no transmutations magic, weak-willed 1
a: Renounce Religion


You were in the Dungeon.
You worshipped Ru.
Ru was pleased with you.
You visited 1 branch

Inventory:

Hand Weapons
 E - the +14 obsidian axe (weapon) {vorpal, Mesm Drain Fly SInv}
   (You found it in the Dungeon)

   It inflicts extra damage upon your enemies.
   It occasionally summons demons to assist the wielder when it strikes in
   combat.
   Its wielder is mesmerised by any visible foes.
   It cannot be unequipped while any foes are visible.
   SInv:      It lets you see invisible.
   Fly:       It grants you flight.
   Drain:     It drains your maximum health when unequipped.
Armour
 F - the +15 Maxwell's patent armour (worn) {-Cast -Tele rElec Will+ rCorr}
   (You found it in the Dungeon)

   rElec:     It insulates you from electricity.
   -Cast:     It prevents spellcasting.
   -Tele:     It prevents most forms of teleportation.
   rCorr:     It protects you from acid and corrosion.
   Will:      It increases your willpower.
 G - the +18 shield of the Gong (worn) {rElec rN+ Will+ EV-5}
   (You found it in the Dungeon)

   It is deafeningly noisy when blocking attacks.
   EV:        It affects your evasion (-5).
   rElec:     It insulates you from electricity.
   rN:        It protects you from negative energy.
   Will:      It increases your willpower.
 H - a scarf of resistance (worn)
 I - a +1 hat of see invisible (worn)
 N - a +0 pair of boots of rampaging (worn)
 U - a +2 pair of gloves of infusion (worn)
Jewellery
 c - a ring of resist corrosion
 n - the ring of Jiabbischoe {Wiz Str+2}
   (You found it in the Dungeon)

   [ring of wizardry]

   It improves your spell success rate.
   Str:       It affects your strength (+2).
 w - a ring of flight
 x - a +6 ring of dexterity (right hand)
 y - a +6 ring of dexterity
 z - a +6 ring of intelligence
 A - a +6 ring of intelligence
 B - a +6 ring of strength (left hand)
 C - a +6 ring of strength
 L - an amulet of guardian spirit
 M - the ring of Winter (on amulet) {rC+ Will+ Int+6}
   (You found it in the Dungeon)

   [ring of willpower]

   Int:       It affects your intelligence (+6).
   rC:        It protects you from cold.
   Will:      It increases your willpower.
 O - an amulet of reflection
 R - the macabre finger necklace (around neck) {rN+}
   (You found it in the Dungeon)

   [amulet of nothing]

   It enables you to equip an extra ring.
   rN:        It protects you from negative energy.
 T - a +6 ring of strength
Wands
 t - a wand of mindburst (7)
 u - a wand of iceblast (7)
 v - a wand of acid (7)
Scrolls
 a - a scroll of brand weapon
 j - 4 scrolls of blinking
 o - 4 scrolls of amnesia
 p - 7 scrolls of fog
 q - a scroll of holy word
 r - 5 scrolls of identify
 s - 2 scrolls of fear
Potions
 d - 6 potions of might
 e - 10 potions of curing
 f - 9 potions of heal wounds
 g - 10 potions of haste
 h - 7 potions of magic
 i - 3 potions of berserk rage
 k - 2 potions of brilliance
 l - 2 potions of invisibility
 m - 4 potions of resistance
Miscellaneous
 b - a condenser vane
 D - a lightning rod (4/4)
 J - a piece from Xom's chessboard (15/15)
 P - a tin of tremorstones (1/2)
 Q - a box of beasts


   Skills:
 + Level 16.3 Fighting
 + Level 13.7 Axes
 + Level 16.3 Armour
 + Level 12.4 Dodging
 + Level 16.3 Shields
 + Level 13.5 Evocations


You had 12 spell levels left.
You didn't know any spells.
Your spell library contained the following spells:

 Spells                   Type           Power      Damage    Failure   Level
 Magic Dart               Conj           0%         1d3       95%         1
 Sandblast                Erth           0%         2d4       95%         1
 Call Imp                 Summ           0%         N/A       99%         2
 Ensorcelled Hibernation  Hex/Ice        0%         N/A       99%         2
 Searing Ray              Conj           0%         2d4       99%         2
 Frozen Ramparts          Ice            0%         1d2       100%        3
 Gell's Gravitas          Tloc           0%         N/A       100%        3
 Lesser Beckoning         Tloc           0%         N/A       100%        3
 Stone Arrow              Conj/Erth      0%         3d7       100%        3
 Teleport Other           Tloc           0%         N/A       100%        3
 Iskenderun's Mystic Bla  Conj/Tloc      0%         2d3       100%        4
 Sticky Flame             Conj/Fire      0%         2d3       100%        4
 Summon Ice Beast         Ice/Summ       0%         N/A       100%        4
 Manifold Assault         Tloc           0%         N/A       100%        5
 Summon Mana Viper        Hex/Summ       0%         N/A       100%        5
 Monstrous Menagerie      Summ           0%         N/A       100%        7
 Disjunction              Tloc           0%         N/A       100%        8
 Fire Storm               Conj/Fire      0%         5d1       100%        9
 Polar Vortex             Ice            0%         N/A       100%        9
 Shatter                  Erth           0%         3d5*      100%        9
 Sting                    Tmut/Pois      Unusable   1d3       N/A         1
 Passwall                 Tmut/Erth      Unusable   N/A       N/A         2
 Static Discharge         Conj/Air       Unusable   N/A       N/A         2
 Ignite Poison            Fire/Tmut/Pois Unusable   N/A       N/A         3
 Mephitic Cloud           Conj/Pois/Air  Unusable   N/A       N/A         3
 Dispel Undead            Necr           Unusable   3d6       N/A         4
 Ice Form                 Ice/Tmut       Unusable   N/A       N/A         4
 Alistair's Intoxication  Tmut/Pois      Unusable   N/A       N/A         5
 Freezing Cloud           Conj/Ice/Air   Unusable   6-21      N/A         5
 Simulacrum               Ice/Necr       Unusable   N/A       N/A         6
 Chain Lightning          Conj/Air       Unusable   N/A       N/A         9

Dungeon Overview and Level Annotations

Branches:
Dungeon (1/1)

Altars:
Ashenzari
Cheibriados
Dithmenos
Elyvilon
Fedhas
Gozag
Hepliaklqana
Kikubaaqudgha
Makhleb
Nemelex Xobeh
Okawaru
Qazlal
Ru
Sif Muna
Trog
Uskayaw
Vehumet
Wu Jian
Xom
Yredelemnul
Zin
The Shining One
Beogh
Jiyva
Lugonu

Annotations:
D 1 transporter


Innate Abilities, Weirdness & Mutations

You are immune to sickness and miasma.
Your stone body is resilient. (AC +9)
You are immune to poison.
You resist negative energy. (rN+)
You are resistant to electric shocks. (rElec)
You are resistant to unholy torment.
You are immune to petrification.
You cannot study or cast Air magic.
You cannot study or cast Necromancy magic.
You cannot study or cast Transmutations magic.
You are slightly weak-willed. (Will-)


Message History

The burst of rock shards engulfs the bat simulacrum!!
The bat simulacrum vaporises!
The burst of rock shards engulfs the ball python simulacrum!!
The ball python simulacrum vaporises!
The burst of rock shards engulfs the jackal simulacrum!!
The jackal simulacrum vaporises!
The burst of rock shards engulfs the titan but does no damage.
The burst of rock shards engulfs the shard shrike!!
The burst of rock shards engulfs the quokka simulacrum!!
The quokka simulacrum vaporises!
The burst of rock shards engulfs the hellion!
The burst of rock shards engulfs the ball python simulacrum!
The ball python simulacrum vaporises!
The burst of rock shards engulfs the wendigo!!
The burst of rock shards engulfs the wendigo!
The burst of rock shards engulfs the Ice Fiend.
The burst of rock shards engulfs the shard shrike!!
The burst of rock shards engulfs the tormentor but does no damage.
The burst of rock shards engulfs the titan but does no damage.
The burst of rock shards engulfs the wendigo! x2
The burst of rock shards engulfs the titan.
The burst of rock shards engulfs the shard shrike!!
You kill the shard shrike!
The burst of rock shards engulfs the hellion!
The burst of rock shards engulfs the wendigo.
The burst of rock shards engulfs the giant cockroach simulacrum!
The giant cockroach simulacrum vaporises!
The burst of rock shards engulfs the wendigo!
The burst of rock shards engulfs the tormentor!
The burst of rock shards engulfs the wendigo!
The burst of rock shards engulfs the wendigo!!
The burst of rock shards engulfs the Ice Fiend.
The burst of rock shards engulfs the tormentor but does no damage.
The burst of rock shards engulfs the titan!
The burst of rock shards engulfs the giant cockroach simulacrum!
The giant cockroach simulacrum vaporises!
Visions of slaying the titan flood into your mind.
The hellion gestures at you.
The sphere of damnation explodes!
The damnation engulfs you!!
You die...

▓▓▓▓▓▓▓▓▓▓▓▓▓▓▓...).[[[}
▓.....8©8.....▓...|.|)))
▓...[}})☼||:..▓...).))))
▓..C:}○RR|):..▓.....))..
▓...1○☼.†22R..▓....†....
▓.....☼○C.☼...▓.........
▓....2........▓.........
▓.............▓..▓.....▓
▓......@......▓.........
▓..▓.......▓..▓.....©...
▓ ▓.▓..4..▓.▓ ▓▓▓▓▓▓▓▓▓▓
▓..▓.......▓..▓....8©8..
▓.............▓...)[|}})
▓......©......▓...).[.|.
▓▓▓▓▓▓▓▓▓▓▓▓▓▓▓..}......
▓....)().. ▓....).)).


You could see a titan (mesmerising), a frost giant, an Ice Fiend, 3 wendigos, a
hellion, 2 tormentors and a friendly red devil (summoned).

Vanquished Creatures
  A shard shrike (D)
  A shadow dragon (D)
  2 nagarajas (D)
  A ghoul (D)
  A vampire knight (D)
  2 naga warriors (D)
  8 vault guards (D)
  A rakshasa (D)
  An anaconda (D)
  A vampire mage (D)
  A skeletal warrior (D)
  An orc knight (D)
  2 ugly things (D)
  A shining eye (D)
  3 guardian serpents (D)
  10 naga magi (D)
  2 black mambas (D)
  An unseen horror (shapeshifter) (D)
  A yaktaur (D)
  A troll (D)
  A polar bear (shapeshifter) (D)
  A meliai (shapeshifter) (D)
  A shadow (D)
  A vampire (D)
  A wyvern (shapeshifter) (D)
  A hog (shapeshifter) (D)
  A yak (D)
  A golden eye (shapeshifter) (D)
  A warg (D)
  3 nagas (D)
  A small abomination (D)
  5 water moccasins (D)
  A hell hound (D)
  A floating eye (D)
  7 orc warriors (D)
  A necrophage (D)
  4 ogres (D)
  A bullfrog (D)
  3 crimson imps (D)
  2 quasits (D)
  3 jellies (D)
  An iron imp (D)
  4 adders (D)
  2 shadow imps (D)
  5 white imps (D)
  4 ufetubi (D)
  2 adder skeletons (D)
  7 ball pythons (D)
  2 bat zombies (D)
  An endoplasm (D)
  2 ball python simulacra (D)
  A bat simulacrum (D)
  2 giant cockroach simulacra (D)
  A jackal simulacrum (D)
  A jackal skeleton (D)
  A quokka simulacrum (D)
  A quokka skeleton (D)
120 creatures vanquished.

Vanquished Creatures (collateral kills)
  A nagaraja (D)
  An orc warlord (D)
  A stone giant (D)
  A vault guard (D)
  A thrashing horror (D)
  An orc knight (D)
  A naga mage (D)
  2 trolls (D)
  2 nagas (D)
  A hell hound (D)
  A white imp (D)
  2 jackals (D)
  A ball python (D)
16 creatures vanquished.

Vanquished Creatures (others)
  An adder simulacrum (D)
  A ball python (D)
2 creatures vanquished.

Grand Total: 138 creatures vanquished

Notes
Turn   | Place    | Note
-------+----------+-------------------------------------------
     0 | D        | Revguard the Gargoyle Fighter began the quest for the Orb.
     0 | D        | Reached XP level 1. HP: 14/14 MP: 1/1
     0 | D        | Found a blossoming altar of Fedhas.
     0 | D        | Found the +6 Majin-Bo {vamp, MP+6 Int+6}
     0 | D        | Found the +9 heavy crossbow "Sniper" {vorpal, Acc+∞ SInv}
     0 | D        | Found the +10 dark maul {vorpal}
     0 | D        | Found the +15 Maxwell's patent armour {-Cast -Tele rElec
                  | Will+ rCorr}
     0 | D        | Found the +18 shield of the Gong {rElec rN+ Will+ EV-5}
     0 | D        | Found the +14 obsidian axe {vorpal, Mesm Drain Fly SInv}
     0 | D        | Found the +7 great mace "Firestarter" {inner flame, rF++}
     0 | D        | Found the +6 shillelagh "Devastator" {shatter}
     0 | D        | Found the +11 plutonium sword {Contam Stlth-}
     0 | D        | Found the +8 lance "Wyrmbane" {slay drac, rPois rF+ rC+
                  | AC+3}
     0 | D        | Found the +9 sword of Zonguldrok {reap}
     0 | D        | Found the +13 scythe of Curses {drain, Drain}
     0 | D        | Found the +5 sword of Power {vorpal}
     0 | D        | Found the +7 mace of Variability {chain chaos}
     0 | D        | Found the +7 Singing Sword {vorpal, sonic wave}
     0 | D        | Found the +8 storm bow {elec, penet}
     1 | D        | Found a shimmering blue altar of Sif Muna.
     1 | D        | Found a sacrificial altar of Ru.
     1 | D        | Found a bloodstained altar of Trog.
     1 | D        | Found a stormy altar of Qazlal.
     1 | D        | Found an iron altar of Okawaru.
     1 | D        | Found a sparkling altar of Nemelex Xobeh.
     1 | D        | Banished a spatial maelstrom
     3 | D        | Found a transporter.
     3 | D        | Found an ancient bone altar of Kikubaaqudgha.
     3 | D        | Found a viscous altar of Jiyva.
     3 | D        | Found a corrupted altar of Lugonu.
     3 | D        | Found a hazy altar of Hepliaklqana.
     3 | D        | Found a burning altar of Makhleb.
     3 | D        | Found an opulent altar of Gozag.
    11 | D        | Banished a spatial maelstrom
    14 | D        | Banished a spatial maelstrom
    20 | D        | Became a worshipper of Ru the Awakened
    73 | D        | Reached XP level 2. HP: 20/20 MP: 2/2
    80 | D        | Entered arena 2.
    80 | D        | Found a transporter.
    88 | D        | Entered arena 3.
    88 | D        | Noticed a troll
    88 | D        | Noticed a troll
    88 | D        | Noticed a troll
    88 | D        | Found a transporter.
    92 | D        | Killed a troll
    93 | D        | Reached XP level 3. HP: 13/28 MP: 3/3
    93 | D        | Reached XP level 4. HP: 15/32 MP: 4/4
    93 | D        | Reached XP level 5. HP: 17/37 MP: 5/5
    93 | D        | Reached XP level 6. HP: 19/42 MP: 6/6
    94 | D        | Killed a troll
    95 | D        | Reached skill level 5 in Axes
    95 | D        | Reached skill level 5 in Evocations
    95 | D        | Reached XP level 7. HP: 32/48 MP: 7/7
    95 | D        | Killed a troll
    96 | D        | Reached skill level 5 in Dodging
   105 | D        | Entered arena 4.
   105 | D        | Noticed a yak
   105 | D        | Found a transporter.
   109 | D        | Killed a yak
   110 | D        | Reached XP level 8. HP: 39/55 MP: 8/8
   114 | D        | Got the ring of Jiabbischoe {Wiz Str+2}
   196 | D        | Entered arena 5.
   196 | D        | Found a transporter.
   221 | D        | Entered arena 6.
   221 | D        | Found a transporter.
   235 | D        | Entered arena 7.
   236 | D        | Found a transporter.
   314 | D        | Entered arena 8.
   314 | D        | Noticed a thrashing horror
   315 | D        | Found a transporter.
   320 | D        | Killed a thrashing horror
   321 | D        | Reached skill level 10 in Shields
   321 | D        | Reached XP level 9. HP: 62/62 MP: 9/9
   327 | D        | Got Kuin's Handbook of the Frostbite and Shape Shifting
   330 | D        | Entered arena 9.
   330 | D        | Noticed a naga mage
   330 | D        | Noticed a naga mage
   331 | D        | Found a transporter.
   339 | D        | Killed a naga mage
   339 | D        | Killed a naga mage
   340 | D        | Reached skill level 10 in Fighting
   340 | D        | Reached skill level 10 in Armour
   355 | D        | Entered arena 10.
   355 | D        | Noticed a rakshasa
   356 | D        | Found a transporter.
   361 | D        | Killed a rakshasa
   362 | D        | Reached XP level 10. HP: 68/69 MP: 10/10
   469 | D        | Got the Volume of Toxins and the Voyage
   471 | D        | Got The Arcane Arts Continued
   481 | D        | Entered arena 11.
   481 | D        | Noticed a cyan ugly thing
   481 | D        | Noticed a shining eye
   481 | D        | Noticed an unseen horror
   481 | D        | Noticed a white ugly thing
   482 | D        | Found a transporter.
   485 | D        | Killed an unseen horror
   488 | D        | Killed a cyan ugly thing
   489 | D        | Killed a white ugly thing
   491 | D        | Killed a shining eye
   506 | D        | Gained mutation: You cannot study or cast Air magic. [Ru
                  | sacrifice]
   506 | D        | Gained mutation: You cannot study or cast Transmutations
                  | magic. [Ru sacrifice]
   506 | D        | Gained mutation: You cannot study or cast Necromancy magic.
                  | [Ru sacrifice]
   506 | D        | Reached * piety under Ru
   617 | D        | Got the ring of Winter {rC+ Will+ Int+6}
   634 | D        | Entered arena 12.
   634 | D        | Found the +10 zealot's sword {holy, *Rage rN+ EV+3}
   634 | D        | Noticed a vampire knight
   634 | D        | Noticed a skeletal warrior
   634 | D        | Noticed a ghoul
   635 | D        | Noticed a vampire mage
   640 | D        | Reached skill level 10 in Axes
   641 | D        | Killed a skeletal warrior
   642 | D        | Reached XP level 11. HP: 70/76 MP: 9/11
   642 | D        | Killed a vampire knight
   642 | D        | Killed a vampire mage
   643 | D        | Reached skill level 10 in Evocations
   646 | D        | Killed a ghoul
   649 | D        | Found a transporter.
   727 | D        | Entered arena 13.
   727 | D        | Noticed a nagaraja
   727 | D        | Noticed a naga warrior
   728 | D        | Noticed an anaconda
   728 | D        | Found a transporter.
   732 | D        | Killed an anaconda
   733 | D        | Reached skill level 10 in Dodging
   733 | D        | Killed a naga warrior
   734 | D        | Killed a nagaraja
   737 | D        | Gained mutation: You are slightly weak-willed. (Will-) [Ru
                  | sacrifice]
   737 | D        | Reached ** piety under Ru
   865 | D        | Entered arena 14.
   866 | D        | Noticed a vault guard
   866 | D        | Noticed a vault guard
   866 | D        | Noticed a vault guard
   866 | D        | Noticed a vault guard
   866 | D        | Noticed a vault guard
   866 | D        | Noticed a shadow dragon
   866 | D        | Noticed a stone giant
   866 | D        | Noticed a vault guard
   866 | D        | Noticed a vault guard
   867 | D        | Noticed a vault guard
   867 | D        | Noticed a vault guard
   867 | D        | Found a transporter.
   873 | D        | Killed a vault guard
   873 | D        | Killed a vault guard
   873 | D        | Killed a vault guard
   873 | D        | Killed a vault guard
   873 | D        | Killed a stone giant
   874 | D        | Reached XP level 12. HP: 65/86 MP: 12/12
   875 | D        | Killed a vault guard
   875 | D        | Killed a vault guard
   876 | D        | Killed a vault guard
   876 | D        | Killed a vault guard
   876 | D        | Killed a vault guard
   876 | D        | Killed a shadow dragon
   877 | D        | Reached skill level 15 in Fighting
   877 | D        | Reached skill level 15 in Armour
   877 | D        | Reached skill level 15 in Shields
  1012 | D        | Entered arena 15.
  1014 | D        | Found the macabre finger necklace {rN+}
  1014 | D        | Found a transporter.
  1064 | D        | Entered arena 16.
  1065 | D        | Noticed a nagaraja
  1065 | D        | Noticed a naga warrior
  1066 | D        | Noticed a nagaraja
  1066 | D        | Found a transporter.
  1068 | D        | Reached XP level 13. HP: 92/92 MP: 13/13
  1074 | D        | Killed a nagaraja
  1076 | D        | Killed a nagaraja
  1078 | D        | Killed a naga warrior
  1109 | D        | Entered arena 17.
  1113 | D        | Noticed an orc warlord
  1113 | D        | Found a transporter.
  1123 | D        | Killed an orc warlord
  1260 | D        | Entered arena 18.
  1263 | D        | Noticed an Ice Fiend
  1263 | D        | Noticed a titan
  1263 | D        | Noticed a wendigo
  1263 | D        | Noticed a wendigo
  1264 | D        | Noticed a wendigo
  1264 | D        | Noticed a frost giant
  1264 | D        | Found a transporter.
  1264 | D        | Noticed a shard shrike
  1265 | D        | Killed a shard shrike
  1265 | D        | Killed from afar by a hellion

Illustrated notes

Levels and vault maps discovered:
D:        sprint_v [room_start, room_1, room_2, room_3, room_4, room_5, room_6,
          room_7, room_8, room_9, room_10, room_11, room_12, room_13, room_14,
          room_15, room_16, room_17, room_18, room_19, room_20, room_21,
          room_22, room_23, room_24, room_25, room_26, room_27]

Skill      XL: |  1  2  3  4  5  6  7  8  9 10 11 12 13 |
---------------+----------------------------------------+-----
Fighting       | 4 6 7 8 9 11 12 14 15 16 | 16.3
Axes           | 3 4 5 6 7 8 10 12 13 | 13.7
Armour         | 4 6 7 8 9 10 12 14 15 16 | 16.3
Dodging        | 2 4 5 6 7 9 10 11 12 | 12.4
Shields        | 4 6 7 8 10 11 12 14 15 16 | 16.3
Evocations     | 2 4 5 6 7 8 9 11 12 13 | 13.5

Action                   |  1- 3 |  4- 6 |  7- 9 | 10-12 | 13-15 || total
-------------------------+-------+-------+-------+-------+-------++-------
Melee: Broad axe         |     5 |     1 |    30 |    38 |    15 ||    89
Invok: Reject Sacrifices |       |       |     1 |     1 |       ||     2
       Sacrifice Arcana  |       |       |       |     1 |       ||     1
       Sacrifice Essence |       |       |       |     1 |       ||     1
Evoke: Condenser vane    |       |       |     1 |     4 |     1 ||     6
       Box of beasts     |       |       |       |     1 |       ||     1
       Tin of tremorston |       |       |       |     2 |     2 ||     4
       Piece from Xom's  |       |       |       |     1 |       ||     1
  Use: Potion            |     1 |     1 |       |       |       ||     2
 Stab: Distracted        |       |       |     3 |     1 |     1 ||     5
Armor: Plate armour      |    16 |     3 |    26 |    55 |    10 ||   110
Dodge: Dodged            |     2 |       |     2 |     9 |     6 ||    19
Block: Kite shield       |    17 |     7 |    66 |    81 |    27 ||   198
       Reflection        |       |       |       |     5 |       ||     5
